 Dungeon Crawl Stone Soup version 0.21-a0-278-ga722497 (webtiles) character file.

125 omnomnOMINOUS the Grave Robber (level 4, -9/32 HPs)
             Began as a Vampire Necromancer on Sept 21, 2017.
             Splashed by a jelly's acid (10 damage)
             ... on level 5 of the Dungeon.
             The game lasted 00:07:17 (2699 turns).

omnomnOMINOUS the Grave Robber (VpNe)               Turns: 2699, Time: 00:07:19

Health: -9/32      AC: -6    Str: 12    XL:     4   Next: 82%
Magic:  7/8        EV: 13    Int: 18    God:
Gold:   151        SH:  0    Dex: 14    Spells: 5/9 levels left

rFire    . . .     SeeInvis +   a - +1 dagger (drain)
rCold    . . .     Gourm    .   (no shield)
rNeg     + . .     Faith    .   o - +0 robe (curse)
rPois    .         Spirit   .   (no helmet)
rElec    .         Reflect  .   (no cloak)
rCorr    .         Harm     .   (no gloves)
MR       .....                  (no boots)
Stlth    ++........             (no amulet)
HPRegen  0.10/turn              (no ring)
MPRegen  0.11/turn              (no ring)

@: mighty, corroded, very slightly contaminated, invisible
A: fangs 3, see invisible, unbreathing
a: Bat Form


You were on level 5 of the Dungeon.
You were not thirsty.

You visited 1 branch of the dungeon, and saw 5 of its levels.

You collected 151 gold pieces.

Inventory:

Hand Weapons
 a - a +1 dagger of draining (weapon)
Armour
 o - a cursed +0 robe (worn)
Scrolls
 b - a scroll of recharging {unknown}
 c - 4 scrolls of identify {unknown}
 f - a scroll of fear {unknown}
 g - a scroll of remove curse {unknown}
 j - a scroll of random uselessness {unknown}
 k - a scroll of noise {unknown}
Potions
 l - a potion of flight {unknown}
 m - a potion of curing {unknown}
 n - a potion of invisibility
 q - 19 potions of blood
Books
 h - a book of Necromancy

   Spells                             Type                      Level
   a - Pain                           Necromancy                   1
   b - Animate Skeleton               Necromancy                   1
   c - Vampiric Draining              Necromancy                   3
   d - Regeneration                   Charms/Necromancy            3
   e - Animate Dead                   Necromancy                   4
   f - Control Undead                 Necromancy                   4


   Skills:
 + Level 1.5 Fighting
 + Level 2.7 Dodging
 - Level 3.0 Stealth
 + Level 3.0 Spellcasting
 * Level 5.4 Necromancy


You had 5 spell levels left.
You knew the following spells:

 Your Spells              Type           Power        Failure   Level  Hunger
a - Pain                  Necr           ###.         1%          1    None
b - Regeneration          Chrm/Necr      ##........   16%         3    ###....


Dungeon Overview and Level Annotations

Branches:
Dungeon (6/15)
 Temple: D:4-7

Altars:
Uskayaw
Xom


Innate Abilities, Weirdness & Mutations

You have razor-sharp teeth.
You have supernaturally acute eyesight. (SInv)
You can survive without breathing.


Message History

Press: ? - help, Shift-Dir - straight line, f - jelly
Aim: a jelly (lightly wounded, heavily drained, chance to defeat MR: 89%)
The jelly writhes in agony!
The crimson imp blinks!
The jelly closely misses you.
Unknown command.
Okay, then.
Unknown command.
It was a potion of invisibility.
You fade into invisibility!
The jelly misses you.
You are very lightly contaminated with residual magic.
The crimson imp barely misses you.
It was a potion of might.
You feel very mighty all of a sudden. The crimson imp hits you.
* * * LOW HITPOINT WARNING * * *
The jelly hits you.
* * * LOW HITPOINT WARNING * * *
The acid corrodes you!
You are splashed with acid!
The acid burns!
You die...

#......# #......#
#......#### #.........#
#.........# #.........#
#####....5..#
......(.@J..#############
....%.........)..........
####......########......[
###....# #..=.... #...(##
#....... #.....# #......%
########.....### #.......
...............# ########
...............#


You could see a jelly and a crimson imp.

Vanquished Creatures
  Ijyb (D:5)
  A gnoll (D:1)
  3 adders
  An ooze (D:1)
  2 worms (D:2)
  2 dart slugs (D:1)
  A leopard gecko (D:1)
  An orc (D:5)
  3 giant cockroaches
  3 goblins
  5 hobgoblins
  6 kobolds
  2 quokkas
  13 bats
  3 frilled lizards
  6 rats
53 creatures vanquished.

Notes
Turn   | Place    | Note
-------+----------+-------------------------------------------
     0 | D:1      | omnomnOMINOUS the Vampire Necromancer began the quest for the Orb.
     0 | D:1      | Reached XP level 1. HP: 13/13 MP: 3/3
   222 | D:1      | Reached XP level 2. HP: 18/20 MP: 0/5
   520 | D:1      | Reached skill level 1 in Fighting
   728 | D:1      | Reached XP level 3. HP: 9/26 MP: 3/6
  1165 | D:2      | Found a shimmering altar of Xom.
  1166 | D:2      | Found a shimmering altar of Xom.
  1173 | D:2      | Found a hide-covered altar of Uskayaw.
  1700 | D:2      | Found a shimmering altar of Xom.
  1702 | D:2      | Found a shimmering altar of Xom.
  1814 | D:2      | Reached skill level 5 in Necromancy
  1988 | D:2      | Reached XP level 4. HP: 6/32 MP: 0/8
  2485 | D:3      | You fall through a shaft for 3 floors!
  2495 | D:6      | Learned a level 3 spell: Regeneration
  2530 | D:5      | Entered Level 5 of the Dungeon
  2578 | D:5      | Noticed Ijyb
  2606 | D:5      | Killed Ijyb
  2699 | D:5      | HP: 1/32 [jelly (1)]
  2699 | D:5      | Splashed by a jelly's acid

Vault maps used:
D:1:      tarquinn_simple_flora_water_c, minmay_surrounded
D:2:      cheibrodos_helix_gallery, lemuel_round_altar, xom_redecorated
D:3:      cheibrodos_fertilizer, fedhas_altar_4, first_bread,
          grunt_ministairs_5, kennysheep_donut
D:5:      tgw_trog, kennysheep_generic_room_7, uniq_grinder, uniq_ijyb
D:6:      minmay_temple_entry_statues, uniq_edmund, uniq_sigmund, uniq_eustachio

Skill      XL: |  1  2  3  4 |
---------------+-------------+-----
Fighting       | 1 |  1.5
Necromancy     | 5 |  5.4
Spellcasting   | 3 |  3.0
Dodging        | |  2.7
Stealth        | |  3.0

Action                   |  1- 3 |  4- 6 || total
-------------------------+-------+-------++-------
Melee: Unarmed           |    13 |    12 ||    25
       Dagger            |    32 |    56 ||    88
       Bite              |     4 |     5 ||     9
 Cast: Pain              |    71 |     9 ||    80
  Use: Potion            |     4 |     6 ||    10
 Stab: Sleeping          |     2 |       ||     2
       Confused          |       |     1 ||     1
  Eat: Corpse            |       |     2 ||     2
Armor: Robe              |    31 |     7 ||    38
Dodge: Dodged            |    58 |    46 ||   104

Table legend:
 A = Spawn XP
 B = Non-spawn XP
 C = Spawn XP percentage of total XP
 D = Spawn monster count
 E = Non-spawn monster count
 F = Spawn count percentage of total count
 G = Total turns spent on level
                    A         B        C        D         E        F      G
               +---------+---------+-------+---------+---------+-------+---------
         Total |       0 |     179 |   0.0 |       0 |      53 |   0.0 |  2699
               +---------+---------+-------+---------+---------+-------+---------
           D:1 |       0 |      58 |   0.0 |       0 |      24 |   0.0 |  1448
           D:2 |       0 |      50 |   0.0 |       0 |      21 |   0.0 |   911
           D:3 |       0 |       5 |   0.0 |       0 |       4 |   0.0 |   126
           D:5 |       0 |      52 |   0.0 |       0 |       3 |   0.0 |   169
           D:6 |       0 |      14 |   0.0 |       0 |       1 |   0.0 |    45
               +---------+---------+-------+---------+---------+-------+---------
